 Dungeon Crawl Stone Soup version 0.21-a0-426-g98080a9 (webtiles) character file.

1323 theanonym the Firebug (level 8, -2/46 HPs)
             Began as an Octopode Fire Elementalist on Nov 8, 2017.
             Was a Follower of Vehumet.
             Killed from afar by an orc wizard (9 damage)
             ... with a magic dart
             ... on level 7 of the Dungeon.
             The game lasted 00:18:42 (8636 turns).

theanonym the Firebug (Octopode Fire Elementalist)  Turns: 8636, Time: 00:18:43

Health: -2/46      AC:  1    Str:  8    XL:     8   Next: 59%
Magic:  0/15       EV: 18    Int: 19    God:    Vehumet [*.....]
Gold:   228        SH:  0    Dex: 17    Spells: 4/17 levels left

rFire    + . .     SeeInvis .   j - +1 dagger
rCold    + . .     Gourm    .   (no shield)
rNeg     . . .     Faith    .   (helmet restricted)
rPois    +         Spirit   .   (no amulet)
rElec    +         Reflect  .   n - ring of stealth {Stlth+}
rCorr    +         Harm     .   (no ring)
MR       .....                  (no ring)
Stlth    +++++.....             (no ring)
HPRegen  0.15/turn              (no ring)
MPRegen  0.14/turn              (no ring)
                                (no ring)
                                (no ring)

@: agile, resistant, drained
A: almost no armour, stealthy swim, amphibious, 8 rings, constrict 8, camouflage
1, gelatinous body 1
a: Renounce Religion


Innate Abilities, Weirdness & Mutations

You cannot wear most types of armour.
You are very stealthy in the water. (Stealth+)
You are amphibious.
You can wear up to eight rings at the same time.
You can use your tentacles to constrict eight enemies at once.
Your skin changes colour to match your surroundings (Stealth+).
Your rubbery body absorbs attacks. (AC +1, EV +1)


   Skills:
 - Level 2.0(1.9) Dodging
 - Level 2.6 Stealth
 - Level 5.0(4.9) Spellcasting
 + Level 6.2(6.1) Conjurations
 + Level 6.9 Fire Magic


You had 4 spell levels left.
You knew the following spells:

 Your Spells              Type           Power        Failure   Level  Hunger
a - Flame Tongue          Conj/Fire      ####.        1%          1    None
b - Sticky Flame          Conj/Fire      ####....     9%          4    ####...
c - Conjure Flame         Conj/Fire      ####....     2%          3    ##.....
d - Fireball              Conj/Fire      ####......   24%         5    ######.

Skill      XL: |  1  2  3  4  5  6  7  8 |
---------------+-------------------------+-----
Conjurations   | 2 3 4 5 6 |  6.2
Spellcasting   | 3 4 5 |  5.0
Fire Magic     | 4 5 6 |  6.9
Dodging        | |  2.0
Stealth        | |  2.6

Action                   |  1- 3 |  4- 6 |  7- 9 || total
-------------------------+-------+-------+-------++-------
Melee: Short sword       |     4 |       |       ||     4
       Constrict         |     1 |     6 |     5 ||    12
       Dagger            |       |    16 |    20 ||    36
       Tentacles         |       |     4 |     8 ||    12
 Cast: Flame Tongue      |    65 |    86 |    50 ||   201
       Sticky Flame      |       |    10 |    18 ||    28
       Conjure Flame     |       |       |     3 ||     3
  Use: Scroll            |     1 |     6 |     3 ||    10
       Potion            |       |       |     4 ||     4
  Eat: Chunk             |     3 |     9 |     1 ||    13
       Meat ration       |       |     1 |     2 ||     3
Armor: Skin              |     3 |     2 |     1 ||     6
Dodge: Dodged            |    16 |    27 |    29 ||    72

Inventory:

Hand Weapons
 j - a +1 dagger (weapon)
   (You took it off a goblin on level 1 of the Dungeon)
Armour
 d - a +0 shield
   (You found it on level 3 of the Dungeon)
Jewellery
 k - an uncursed amulet of guardian spirit {Spirit}
   (You found it on level 2 of the Dungeon)
 n - a ring of stealth (left tentacle) {Stlth+}
   (You found it on level 3 of the Dungeon)
Wands
 f - a wand of confusion (26/48)
   (You took it off a centaur on level 6 of the Dungeon)
Scrolls
 e - a scroll of magic mapping {unknown}
 g - a scroll of noise {unknown}
 l - a scroll of blinking {unknown}
 r - 7 scrolls of identify
 t - 4 scrolls of teleportation {!r}
 v - a scroll of remove curse
 x - a scroll of enchant weapon
Potions
 i - 2 potions of flight {unknown}
 m - a potion of agility
 o - a potion of curing {unknown}
 p - a potion of magic {unknown}
 s - a potion of invisibility {unknown}
 A - a potion of haste {unknown}
Books
 a - a book of Flames

   Spells                             Type                      Level
   a - Flame Tongue                   Conjuration/Fire             1
   b - Throw Flame                    Conjuration/Fire             2
   c - Conjure Flame                  Conjuration/Fire             3
   d - Inner Flame                    Hexes/Fire                   3
   e - Sticky Flame                   Conjuration/Fire             4
   f - Fireball                       Conjuration/Fire             5
 w - a book of Maledictions
   (You found it on level 6 of the Dungeon)

   Spells                             Type                      Level
   a - Corona                         Hexes                        1
   b - Ensorcelled Hibernation        Hexes/Ice                    2
   c - Confuse                        Hexes                        3
   d - Tukima's Dance                 Hexes                        3
   e - Dazzling Spray                 Conjuration/Hexes            3
Comestibles
 b - 2 bread rations
 c - 3 royal jellies
 u - 2 meat rations

Dungeon Overview and Level Annotations

Branches:
Dungeon (7/15)             Temple (1/1) D:4

Altars:
Ashenzari
Cheibriados
Elyvilon
Fedhas
Gozag
Hepliaklqana
Kikubaaqudgha
Makhleb
Nemelex Xobeh
Qazlal
Ru
Trog
Vehumet
Xom
Yredelemnul
Zin

Annotations:
D:3 Terence; anet's ghost, amateur MfWn
D:5 exclusion: 2 doors, Pikel
D:6 exclusions: centaur, iguana, ogre and ooze, Grinder


You were on level 7 of the Dungeon.
You worshipped Vehumet.
Vehumet was aware of your devotion.
You were hungry.

You visited 2 branches of the dungeon, and saw 8 of its levels.

You collected 228 gold pieces.


Message History

The flame tongue hits the sky beast.
The sky beast burns!
The sky beast hits you. The sky beast shocks you.
You take 7 damage, and have 39/46 hp.
You now have 10/15 mp.
Aim: a sky beast (severely wounded, covered in liquid flames)
The flame tongue hits the sky beast.
You kill the sky beast!
Vehumet accepts your kill.
Your Conjurations skill increases to level 6!
You now have 9/15 mp.
You start resting.
Health restored: 46; MP restored: 15 You see here a sky beast corpse.
Found a scale mail.
All of the chunks of flesh in your inventory have rotted away.
An orc comes into view. It is wielding a hand axe.
Found a scale mail.
Aim: an orc, wielding a hand axe and wearing a leather armour (resting)
The flame tongue hits the orc.
You kill the orc!
Vehumet accepts your kill.
You hear a shout! x2
An orc wizard comes into view. It is wielding a dagger.
You now have 14/15 mp.
Aim: an orc wizard, wielding a dagger and wearing a robe The flame tongue hits the orc wizard.
You hear a shout!
An orc priest comes into view. It is wielding a morningstar.
You now have 13/15 mp.
Aim: an orc wizard, wielding a dagger and wearing a robe (lightly wounded)
The flame tongue hits the orc wizard.
The orc wizard gestures at you while chanting.
The puff of flame hits you!
An orc wizard comes into view. It is wielding a dagger.
You take 11 damage, and have 35/46 hp.
MASSIVE DAMAGE!!
You now have 12/15 mp.
Aim: an orc wizard, wielding a dagger and wearing a robe (severely wounded)
The flame tongue misses the orc wizard.
You are feeling hungry.
An orc comes into view. It is wielding a short sword.
You now have 11/15 mp.
Aim: an orc wizard, wielding a dagger and wearing a robe (severely wounded)
The sticky flame hits the orc wizard.
The orc wizard is covered in liquid flames!
The orc wizard burns!
You kill the orc wizard!
Vehumet accepts your kill.
The orc wizard gestures wildly while chanting.
The orc wizard seems to speed up.
The orc priest mumbles some strange prayers to Beogh against you.
Beogh smites you!
You take 11 damage, and have 25/46 hp.
MASSIVE DAMAGE!!
You now have 7/15 mp.
Aim: an orc, wielding a short sword The sticky flame hits the orc.
The orc is covered in liquid flames!
* * * LOW MAGIC WARNING * * *
The orc burns!
You kill the orc!
Vehumet accepts your kill.
The orc wizard points at you and mumbles some strange words.
The puff of flame hits you!
* * * LOW HITPOINT WARNING * * *
You take 8 damage, and have 17/46 hp.
You now have 4/15 mp.
Aim: an orc wizard, wielding a dagger and wearing a robe (fast)
The flame tongue misses the orc wizard.
* * * LOW MAGIC WARNING * * *
The orc wizard casts a spell at you. The puff of flame hits you!
* * * LOW HITPOINT WARNING * * *
You take 13 damage, and have 4/46 hp.
MASSIVE DAMAGE!!
You now have 3/15 mp.
Okay, then.
You feel much better. The orc wizard hits you with a dagger.
* * * LOW HITPOINT WARNING * * *
You regained 16 hp, and now have 20/46 hp.
You don't have enough magic to cast that spell.
Unknown command.
You feel protected. The orc wizard misses you.
You feel agile all of a sudden. The orc wizard hits you with a dagger.
* * * LOW HITPOINT WARNING * * *
You take 5 damage, and have 16/46 hp.
You closely miss the orc wizard. You grab the orc wizard.
You squeeze the orc wizard, but do no damage.
You constrict the orc wizard. The orc wizard completely misses you.
The orc priest mumbles some strange prayers to Beogh against you.
Beogh smites you!
* * * LOW HITPOINT WARNING * * *
The orc wizard barely misses you.
You take 9 damage, and have 7/46 hp.
Aim: an orc wizard, wielding a dagger and wearing a robe (lightly wounded, constricted by you, fast)
The sticky flame hits the orc wizard.
The orc wizard is covered in liquid flames!
* * * LOW MAGIC WARNING * * *
You constrict the orc wizard.
The orc wizard burns!
The orc wizard barely misses you.
You now have 0/15 mp.
Okay, then.
You release your grip on the orc wizard.
The orc wizard burns!
The orc wizard casts a spell at you. The magic dart hits you!
You die...

.. ### .# ... #.# ..
..# ## #. #..# .[
#.#...# o###...#.# o.
#@##.# #. #o##.#
..####)##o##.#
.......)..##.#
..####.......########
#......[..........
#.###..#..#######.
#.###..#..#
..........#


You could see an orc priest and an orc wizard (burning).

Notes
Turn   | Place    | Note
-------+----------+-------------------------------------------
     0 | D:1      | theanonym the Octopode Fire Elementalist began the quest for the Orb.
     0 | D:1      | Reached XP level 1. HP: 11/11 MP: 3/3
   134 | D:1      | Reached XP level 2. HP: 17/17 MP: 0/5
   809 | D:1      | Reached XP level 3. HP: 21/21 MP: 4/6
   835 | D:1      | Found a sparkling altar of Nemelex Xobeh.
  1379 | D:1      | Learned a level 3 spell: Conjure Flame
  1393 | D:2      | Reached skill level 2 in Conjurations
  1492 | D:2      | Found a shimmering altar of Xom.
  1716 | D:2      | Found a burning altar of Makhleb.
  1876 | D:2      | Reached XP level 4. HP: 27/27 MP: 5/8
  1931 | D:2      | Found a snail-covered altar of Cheibriados.
  2145 | D:3      | Noticed Natasha
  2152 | D:3      | Killed Natasha
  2216 | D:3      | Found a sacrificial altar of Ru.
  2322 | D:3      | Noticed anet's ghost (amateur MfWn)
  2330 | D:3      | HP: 11/27 [anet's ghost (8)]
  2573 | D:3      | Noticed Natasha
  2592 | D:3      | HP: 12/27 [Natasha/magic dart (7)]
  2593 | D:3      | HP: 4/27 [Natasha (8)]
  2594 | D:3      | Killed Natasha
  2594 | D:3      | Reached skill level 3 in Spellcasting
  2594 | D:3      | Reached skill level 4 in Fire Magic
  2594 | D:3      | Reached XP level 5. HP: 4/31 MP: 0/9
  2928 | D:3      | Learned a level 4 spell: Sticky Flame
  2969 | D:3      | Noticed Terence
  3059 | D:3      | Found a white marble altar of Elyvilon.
  3098 | D:3      | HP: 11/31 [anet's ghost (7)]
  3296 | D:3      | Noticed Natasha
  3302 | D:3      | Killed Natasha
  3302 | D:3      | Reached skill level 3 in Conjurations
  3740 | D:3      | Found a glowing silver altar of Zin.
  3743 | D:3      | Noticed an angel
  3929 | D:4      | HP: 14/31 [scorpion (8)]
  3930 | D:4      | Reached XP level 6. HP: 16/36 MP: 1/11
  4096 | D:4      | Found a staircase to the Ecumenical Temple.
  4113 | Temple   | Entered the Ecumenical Temple
  4309 | Temple   | Became a worshipper of Vehumet
  4485 | D:4      | HP: 12/36 [orc/war axe (10)]
  4765 | D:4      | HP: 18/36 [poisoned by a worker ant]
  4771 | D:4      | HP: 15/36 [poisoned by a worker ant]
  4777 | D:4      | HP: 14/36 [poisoned by a worker ant]
  4785 | D:4      | HP: 13/36 [poisoned by a worker ant]
  5292 | D:4      | Found a shattered altar of Ashenzari.
  5323 | D:4      | Saw a vision of the Swamp and the Spider Nest.
  5323 | D:4      | Noticed an alligator
  5323 | D:4      | Noticed a redback
  5323 | D:4      | Noticed a redback
  5323 | D:4      | Noticed an alligator
  5323 | D:4      | Noticed a swamp drake
  5324 | D:4      | Noticed a wolf spider
  5324 | D:4      | Noticed a water moccasin
  5326 | D:4      | Noticed a hornet
  5463 | D:5      | Entered Level 5 of the Dungeon
  5476 | D:5      | Noticed Pikel
  5476 | D:5      | Noticed a slave
  5476 | D:5      | Noticed a slave
  5476 | D:5      | Noticed a slave
  5476 | D:5      | Noticed a slave
  5629 | D:5      | Reached skill level 4 in Spellcasting
  5896 | D:5      | Reached skill level 4 in Conjurations
  5896 | D:5      | Reached skill level 5 in Fire Magic
  5896 | D:5      | Reached XP level 7. HP: 41/41 MP: 9/13
  6481 | D:5      | HP: 18/41 [orc wizard/magic dart (5)]
  6776 | D:6      | Learned a level 5 spell: Fireball
  6911 | D:6      | Noticed Grinder
  7010 | D:6      | Reached * piety under Vehumet
  7010 | D:6      | Offered knowledge of Shock by Vehumet.
  7598 | D:6      | HP: 18/41 [centaur/arrow (5)]
  7604 | D:6      | HP: 14/41 [centaur/arrow (5)]
  7609 | D:6      | Reached skill level 5 in Spellcasting
  7609 | D:6      | Reached skill level 5 in Conjurations
  7609 | D:6      | Reached XP level 8. HP: 42/46 MP: 9/15
  7701 | D:6      | Reached skill level 6 in Fire Magic
  8380 | D:7      | HP: 23/46 [centaur (2)]
  8553 | D:7      | Reached skill level 6 in Conjurations
  8627 | D:7      | HP: 17/46 [orc wizard/puff of flame (8)]
  8629 | D:7      | HP: 4/46 [orc wizard/puff of flame (13)]
  8634 | D:7      | HP: 7/46 [orc priest/divine providence (9)]
  8636 | D:7      | Killed from afar by an orc wizard

Vanquished Creatures
  2 sky beasts
  An ogre (D:5)
  3 centaurs
  3 scorpions
  5 wights (D:7)
  2 centaur skeletons (D:6)
  3 orc wizards
  An iguana (D:6)
  Natasha (thrice) (D:3)
  A worker ant (D:4)
  A hound zombie (D:6)
  A hound skeleton (D:5)
  8 adders
  2 adder skeletons
  2 dart slugs
  5 leopard geckos
  17 orcs
  4 giant cockroaches
  11 goblins
  3 hobgoblins
  2 quokkas (D:4)
  2 ball pythons
  9 bats
  2 frilled lizards
  A giant cockroach zombie (D:6)
  3 kobolds (D:1)
  8 rats
105 creatures vanquished.

Vanquished Creatures (others)
  A fungus (D:4)
  A plant (D:4)
2 creatures vanquished.

Grand Total: 107 creatures vanquished
